[Event "42nd Olympiad Baku 2016 Open"]
[Site "Baku"]
[Date "2016.09.08"]
[Round "6.34"]
[White "Wanyama, Harold"]
[Black "Myint Han"]
[Result "1-0"]
[ECO "E97"]
[WhiteElo "2251"]
[BlackElo "2289"]
[Annotator ""]
[PlyCount "121"]
[EventDate "2016.??.??"]
[EventCountry "AZE"]
[SourceTitle "playchess.com"]
[Source "ChessBase"]
[WhiteTeam "Uganda"]
[BlackTeam "Myanmar"]
[WhiteTeamCountry "UGA"]
[BlackTeamCountry "MYA"]
[TimeControl "40/5400+30:1800+30"]

1. d4 {(00:00} Nf6 {(00:00} 2. c4 {(00:00} g6 {(
00:00} 3. Nc3 {(00:00} Bg7 {(00:01} 4. e4 {(00:01} d6
{(00:04} 5. Be2 {(00:08} O-O {(00:06} 6. Nf3 {(
00:07} e5 {(00:07} 7. O-O {(00:09} Nc6 {(00:05} 8. d5
{(00:08} Ne7 {(00:05} 9. Qc2 {(00:41} Nh5 {(00:
36} 10. Rd1 {(00:10} Nf4 {(00:12} 11. Bxf4 {(00:11}
exf4 {(00:12} 12. Qd2 {(00:07} f5 {(00:17} 13. Qxf4 {
(01:39} fxe4 {(00:10} 14. Qxe4 {(00:04} Nf5 {(
00:17} 15. Qc2 {(06:41} Nh4 {(00:51} 16. Nxh4 {(01:43}
Qxh4 {(00:11} 17. g3 {(00:41} Qf6 {(00:39} 18. Bf1 {
(02:04} Bf5 {(00:17} 19. Bd3 {(08:48} Bg4 {(00:
31} 20. Re1 {(00:11} a6 {(03:47} 21. Re4 {(12:08} Bf3
{(00:43} 22. Re6 {(03:56} Qd4 {(00:20} 23. Rae1 {
(09:50} Qg4 {(03:56} 24. Be2 {(13:19} Bd4 {(04:
27} 25. Bxf3 {(00:14} Qxf3 {(00:21} 26. Ne4 {(01:08}
Rf5 {(00:47} 27. Qd2 {(00:36} Bb6 {(04:45} 28. Qe2 {
(06:28} Raf8 {(01:33} 29. Qxf3 {(00:10} Rxf3 {(
00:06} 30. Re2 {(00:38} R3f5 {(03:43} 31. Kg2 {(00:23}
Bd4 {(00:57} 32. Re7 {(00:30} b5 {(00:41} 33. Rxc7 {
(00:31} bxc4 {(00:10} 34. Rxc4 {(00:14} Ba7 {(
00:27} 35. Rd2 {(00:16} Re5 {(05:40} 36. f4 {(00:14}
Re7 {(00:13} 37. Nxd6 {(00:27} Re1 {(00:48} 38. Rc8 {
(00:27} Rg1+ {(01:43} 39. Kf3 {(01:01} Rf1+ {(
00:11} 40. Ke2 {(00:00} Rf2+ {(00:00} 41. Kd1 {(00:40}
Rxd2+ {(01:16} 42. Kxd2 {(00:29} Rxc8 {(00:18} 43. Nxc8
{(00:16} Bc5 {(00:27} 44. d6 {(00:29} Kf7 {(00:
30} 45. Kd3 {(04:06} Ke6 {(00:17} 46. Ke4 {(02:00} Kd7
{(02:30} 47. Ne7 {(04:55} Bxd6 {(00:16} 48. Nd5 {
(00:08} Ke6 {(00:07} 49. g4 {(00:57} h5 {(00:15]
} 50. gxh5 {(00:14} gxh5 {(00:09} 51. f5+ {(00:13} Kf7
{(00:05} 52. h3 {(00:09} h4 {(00:33} 53. b4 {(
01:27} Bg3 {(00:34} 54. a4 {(00:40} Bd6 {(00:07} 55.
Kd4 {(00:14} Ke8 {(00:14} 56. Kc4 {(00:15} Kd7 {
(00:06} 57. b5 {(00:23} axb5+ {(00:33} 58. Kxb5 {
(00:07} Bg3 {(00:07} 59. a5 {(00:10} Bb8 {(00:
33} 60. Kb6 {(00:14} Kd6 {(00:09} 61. Kb7 {(00:41} 1-0

[Event "42nd Olympiad Baku 2016 Open"]
[Site "Baku"]
[Date "2016.09.08"]
[Round "6.26"]
[White "Wastney, Scott"]
[Black "Lau, Lut Yin Luke"]
[Result "1-0"]
[ECO "C42"]
[WhiteElo "2312"]
[BlackElo "1994"]
[Annotator ""]
[PlyCount "111"]
[EventDate "2016.??.??"]
[EventCountry "AZE"]
[SourceTitle "playchess.com"]
[Source "ChessBase"]
[WhiteTeam "New Zealand"]
[BlackTeam "Hong Kong"]
[WhiteTeamCountry "NZL"]
[BlackTeamCountry "HKG"]
[TimeControl "40/5400+30:1800+30"]

1. e4 {(00:00} e5 {(00:00} 2. Nf3 {(00:00} Nf6 {
(00:00} 3. Nxe5 {(00:00} d6 {(00:00} 4. Nf3 {(
00:00} Nxe4 {(00:00} 5. c4 {(00:00} Be7 {(03:41} 6. d4
{(00:46} O-O {(03:09} 7. Bd3 {(00:36} Nf6 {(01:
44} 8. h3 {(10:04} d5 {(06:46} 9. O-O {(04:28} dxc4 {
(03:46} 10. Bxc4 {(00:06} Nbd7 {(00:40} 11. Nc3 {
(00:36} Nb6 {(01:03} 12. Bb3 {(01:58} c6 {(05:
28} 13. Re1 {(01:46} h6 {(08:07} 14. Qd3 {(09:49} Bd6
{(16:03} 15. Ne5 {(30:59} Nbd5 {(05:53} 16. a3 {
(00:15} Be6 {(03:34} 17. Bc2 {(04:54} Qc7 {(06:
44} 18. Bd2 {(06:56} Rad8 {(06:40} 19. Rad1 {(02:17}
Nxc3 {(06:54} 20. Bxc3 {(01:17} Bxe5 {(10:53} 21. Rxe5
{(00:20} Qxe5 {(00:29} 22. dxe5 {(00:09} Rxd3 {(
00:04} 23. Bxd3 {(00:48} Nd5 {(00:21} 24. Bd2 {(01:00}
Rd8 {(01:55} 25. Bc1 {(02:31} Rd7 {(00:57} 26. f4 {
(00:51} Nb6 {(02:31} 27. Bc2 {(01:32} Rxd1+ {(
01:42} 28. Bxd1 {(00:01} Bd5 {(00:35} 29. Kf2 {(00:29}
Kf8 {(02:14} 30. g4 {(00:11} Ke7 {(00:37} 31. Ke3 {
(01:49} Bg2 {(01:35} 32. h4 {(00:19} Nd5+ {(01:
02} 33. Kd4 {(01:30} b6 {(00:28} 34. b4 {(00:08} Nc7 {
(00:46} 35. f5 {(01:10} Nb5+ {(00:27} 36. Ke3 {(
01:50} Nc3 {(00:34} 37. Bc2 {(00:48} Bd5 {(00:35} 38.
f6+ {(06:47} Kf8 {(00:31} 39. fxg7+ {(04:34} Kxg7 {
(00:03} 40. e6 {(00:00} Kf8 {(00:00} 41. Kd3 {(
07:58} Ne4 {(04:35} 42. Bxh6+ {(00:29} Ke7 {(00:40}
43. exf7 {(00:42} Kxf7 {(00:15} 44. Be3 {(00:40} Nf6 {
(08:49} 45. Bd1 {(01:00} Be6 {(05:46} 46. g5 {(
00:40} Nd5 {(00:25} 47. Bd2 {(05:22} Nc7 {(04:31} 48.
h5 {(01:41} Nb5 {(01:38} 49. a4 {(02:14} Nd6 {(
00:50} 50. Bf4 {(01:42} Nf5 {(02:15} 51. Be5 {(01:10}
c5 {(01:15} 52. g6+ {(01:20} Kg8 {(00:25} 53. b5 {
(02:09} c4+ {(01:48} 54. Kc3 {(02:14} Ne7 {(01:
22} 55. Bf3 {(01:19} Nf5 {(02:32} 56. Be2 {(02:01} 1-0

[Event "42nd Olympiad Baku 2016 Open"]
[Site "Baku"]
[Date "2016.09.08"]
[Round "6.17"]
[White "Weerawardane, Romesh"]
[Black "Rakotomaharo, Fy Antenaina"]
[Result "0-1"]
[ECO "E91"]
[WhiteElo "2120"]
[BlackElo "2439"]
[Annotator ""]
[PlyCount "82"]
[EventDate "2016.??.??"]
[EventCountry "AZE"]
[SourceTitle "playchess.com"]
[Source "ChessBase"]
[WhiteTeam "Sri Lanka"]
[BlackTeam "Madagascar"]
[WhiteTeamCountry "SRI"]
[BlackTeamCountry "MAD"]
[TimeControl "40/5400+30:1800+30"]

1. d4 {(00:00} Nf6 {(00:00} 2. Nf3 {(00:00} g6 {
(00:25} 3. c4 {(02:04} Bg7 {(00:09} 4. Nc3 {(00:
11} O-O {(00:33} 5. e4 {(00:12} d6 {(00:06} 6. Be2 {
(00:11} c5 {(00:20} 7. d5 {(00:59} e6 {(02:53}
8. O-O {(00:13} Re8 {(00:06} 9. Nd2 {(01:49} Na6 {
(05:49} 10. f4 {(07:34} exd5 {(00:54} 11. cxd5 {
(00:07} Nc7 {(01:41} 12. a4 {(00:08} b6 {(00:04]
} 13. Re1 {(20:57} h5 {(07:09} 14. h3 {(05:01} Bh6 {
(01:00} 15. Rf1 {(06:02} Rb8 {(11:10} 16. Qc2 {(
06:28} a6 {(08:06} 17. Bd3 {(05:10} Bg7 {(06:30} 18.
Rb1 {(02:05} b5 {(05:36} 19. b3 {(00:30} h4 {(
01:58} 20. Bb2 {(01:23} Bd7 {(01:56} 21. a5 {(08:45}
Nh5 {(09:54} 22. Ne2 {(01:53} Bxb2 {(01:15} 23. Rxb2 {
(01:04} f5 {(03:55} 24. Qb1 {(11:00} Qf6 {(01:
50} 25. Rc2 {(08:14} c4 {(05:04} 26. Nc1 {(07:01} Ng3
{(10:37} 27. Re1 {(03:35} fxe4 {(03:11} 28. Bxe4 {
(00:34} Qd4+ {(00:11} 29. Kh2 {(00:07} Nxe4 {(
00:22} 30. Nxe4 {(00:37} Rxe4 {(00:20} 31. Rxc4 {(00:
23} bxc4 {(00:15} 32. Rxe4 {(00:22} Bf5 {(01:45} 33.
Rxd4 {(00:05} Bxb1 {(00:04} 34. Rxc4 {(01:14} Nxd5 {
(01:37} 35. Rc6 {(00:19} Nxf4 {(05:36} 36. g3 {(
00:20} hxg3+ {(02:28} 37. Kxg3 {(00:04} Nd3 {(00:04}
38. Ne2 {(00:41} Rxb3 {(00:45} 39. Rc8+ {(01:31} Kf7 {
(00:35} 40. Rc7+ {(00:00} Kf6 {(00:00} 41. Nc3 {
(00:14} Nc5 {(00:23} 0-1

[Event "42nd Olympiad Baku 2016 Open"]
[Site "Baku"]
[Date "2016.09.08"]
[Round "6.12"]
[White "Westerberg, Jonathan"]
[Black "Hesham, Abdelrahman"]
[Result "1-0"]
[ECO "A49"]
[WhiteElo "2491"]
[BlackElo "2419"]
[Annotator ""]
[PlyCount "107"]
[EventDate "2016.??.??"]
[EventCountry "AZE"]
[SourceTitle "playchess.com"]
[Source "ChessBase"]
[WhiteTeam "Sweden"]
[BlackTeam "Egypt"]
[WhiteTeamCountry "SWE"]
[BlackTeamCountry "EGY"]
[TimeControl "40/5400+30:1800+30"]

1. d4 {(00:00} Nf6 {(00:00} 2. Nf3 {(00:24} g6 {
(00:00} 3. g3 {(00:55} Bg7 {(00:00} 4. Bg2 {(00:
26} O-O {(00:02} 5. O-O {(00:10} d5 {(00:14} 6. Nbd2 {
(01:02} Ne4 {(07:11} 7. Nxe4 {(05:00} dxe4 {(00:
04} 8. Ng5 {(00:34} f5 {(19:40} 9. c3 {(01:04} e6 {
(02:06} 10. Qb3 {(03:49} Qe7 {(06:56} 11. f3 {(
00:52} h6 {(00:27} 12. Nh3 {(00:32} c5 {(08:26} 13.
fxe4 {(07:53} cxd4 {(00:56} 14. exf5 {(00:18} dxc3 {
(05:11} 15. bxc3 {(06:12} Rxf5 {(09:38} 16. Ba3 {
(01:57} Qc7 {(00:42} 17. Be4 {(02:39} Re5 {(07:
37} 18. Bxg6 {(01:08} Re3 {(00:21} 19. Rf3 {(04:47}
Rxf3 {(01:53} 20. exf3 {(00:08} Nc6 {(08:09} 21. Rd1 {
(01:30} Qb6+ {(00:42} 22. Kg2 {(01:39} Qxb3 {(
00:14} 23. axb3 {(00:01} Bxc3 {(00:07} 24. Nf4 {(02:01]
} e5 {(03:23} 25. Ne2 {(06:50} Ba5 {(00:07} 26. b4 {
(02:07} Bb6 {(01:16} 27. b5 {(03:11} Nd4 {(00:
10} 28. Nxd4 {(02:51} Bxd4 {(02:09} 29. Be4 {(00:31}
Bd7 {(01:29} 30. Bxb7 {(00:49} Rb8 {(01:26} 31. Bc6 {
(00:26} Bxc6 {(00:04} 32. bxc6 {(00:01} Rc8 {(
00:00} 33. Rc1 {(03:37} Kf7 {(00:15} 34. g4 {(06:46}
Ke6 {(05:06} 35. h4 {(01:15} a5 {(03:43} 36. h5 {
(01:11} a4 {(04:44} 37. Rc2 {(10:51} Kd5 {(01:
54} 38. c7 {(00:51} e4 {(01:40} 39. fxe4+ {(01:22}
Kxe4 {(00:01} 40. Bd6 {(00:00} Kd5 {(00:00} 41. Bf4 {
(03:44} Be5 {(07:10} 42. Bxh6 {(27:26} Rxc7 {(
01:59} 43. Rxc7 {(02:03} Bxc7 {(00:02} 44. Bg7 {(00:06]
} Ke6 {(00:31} 45. Bb2 {(04:21} Kf7 {(03:17} 46. g5 {
(04:33} Bf4 {(19:05} 47. g6+ {(00:47} Ke7 {(02:
28} 48. Kf3 {(00:35} Bh6 {(00:04} 49. Ke4 {(00:33} Ke6
{(00:02} 50. Kd3 {(02:00} Bg5 {(01:27} 51. Kc4 {
(00:41} a3 {(00:49} 52. Bxa3 {(00:37} Bf6 {(00:
12} 53. h6 {(03:32} Be5 {(00:45} 54. Bb4 {(00:17] Kd5+}
1-0

[Event "42nd Olympiad Baku 2016 Open"]
[Site "Baku"]
[Date "2016.09.08"]
[Round "6.5"]
[White "Wiedenkeller, Michael"]
[Black "Kojima, Shinya"]
[Result "1/2-1/2"]
[ECO "A22"]
[WhiteElo "2458"]
[BlackElo "2398"]
[Annotator ""]
[PlyCount "122"]
[EventDate "2016.??.??"]
[EventCountry "AZE"]
[SourceTitle "playchess.com"]
[Source "ChessBase"]
[WhiteTeam "Luxembourg"]
[BlackTeam "Japan"]
[WhiteTeamCountry "LUX"]
[BlackTeamCountry "JPN"]
[TimeControl "40/5400+30:1800+30"]

1. c4 {(00:00} e5 {(00:15} 2. g3 {(00:12} Nf6 {(
00:07} 3. Nc3 {(00:31} c6 {(01:16} 4. d4 {(02:37} exd4
{(00:31} 5. Qxd4 {(00:10} Na6 {(00:43} 6. Bg2 {(
06:12} Bc5 {(00:31} 7. Qe5+ {(07:40} Be7 {(00:37} 8.
Nh3 {(04:15} O-O {(02:05} 9. O-O {(01:43} Re8 {(
03:27} 10. Qd4 {(06:15} d5 {(04:54} 11. cxd5 {(02:32}
Nb4 {(02:08} 12. d6 {(19:18} Qxd6 {(11:10} 13. Qxd6 {
(01:55} Bxd6 {(00:06} 14. Rd1 {(10:29} Be5 {(03:
58} 15. Bf4 {(06:23} Bxc3 {(10:04} 16. bxc3 {(00:01}
Nbd5 {(00:26} 17. Bd2 {(01:38} Rxe2 {(04:27} 18. c4 {
(05:45} Nb6 {(01:40} 19. Nf4 {(00:22} Re8 {(00:
55} 20. Rdc1 {(02:57} Bf5 {(02:01} 21. a4 {(01:18} g5
{(05:58} 22. Nh3 {(00:48} h6 {(00:24} 23. a5 {(
00:28} Nbd7 {(00:44} 24. Ra3 {(02:08} Rad8 {(10:17}
25. Be3 {(02:34} Ne5 {(03:52} 26. Bxa7 {(02:29} Nxc4 {
(01:50} 27. Rf3 {(01:11} Nd6 {(01:35} 28. Rb3 {(
01:55} Nb5 {(02:10} 29. Bb6 {(01:29} Rd7 {(02:30} 30.
f4 {(01:04} g4 {(01:12} 31. Nf2 {(00:09} Nd5 {(
04:12} 32. Bc5 {(00:45} Ra8 {(01:13} 33. Ra1 {(02:27}
Ndc3 {(02:58} 34. Bf1 {(00:44} Rd2 {(02:33} 35. Be3 {
(03:24} Rd7 {(01:19} 36. Bb6 {(02:15} Rd2 {(02:
25} 37. Be3 {(00:01} Rd7 {(06:09} 38. Rb2 {(00:55} Re8
{(01:23} 39. Bc5 {(00:38} Ne4 {(02:29} 40. Nxe4 {
(00:00} Bxe4 {(00:00} 41. Re1 {(10:13} f5 {(07:
42} 42. Bc4+ {(02:59} Kg7 {(01:46} 43. Bxb5 {(07:02}
cxb5 {(00:08} 44. Rxb5 {(00:10} Red8 {(02:29} 45. Bb4 {
(03:53} Rc8 {(01:37} 46. Rc5 {(04:57} Rxc5 {(02:
45} 47. Bxc5 {(00:01} Rd2 {(00:30} 48. Rc1 {(01:36}
Kf7 {(03:11} 49. Bf2 {(00:51} Ra2 {(00:38} 50. Rc7+ {
(00:56} Ke6 {(00:13} 51. Bb6 {(00:24} Kd5 {(05:
18} 52. Rxb7 {(01:05} Kc4 {(02:17} 53. Rd7 {(01:24}
Ra1+ {(02:20} 54. Kf2 {(00:03} Ra2+ {(00:15} 55. Ke3 {
(01:41} Ra3+ {(00:16} 56. Kf2 {(00:09} Ra2+ {(
00:05} 57. Ke1 {(00:32} Ra1+ {(00:55} 58. Ke2 {(00:45}
Bf3+ {(01:38} 59. Kf2 {(01:20} Ra2+ {(00:21} 60. Kf1 {
(00:51} Ra1+ {(00:18} 61. Kf2 {(00:09} Ra2+ {(
00:07} 1/2-1/2

[Event "42nd Olympiad Baku 2016 Open"]
[Site "Baku"]
[Date "2016.09.08"]
[Round "6.29"]
[White "Winants, Luc"]
[Black "Makoto, Rodwell"]
[Result "1/2-1/2"]
[ECO "E06"]
[WhiteElo "2558"]
[BlackElo "2405"]
[Annotator ""]
[PlyCount "107"]
[EventDate "2016.??.??"]
[EventCountry "AZE"]
[SourceTitle "playchess.com"]
[Source "ChessBase"]
[WhiteTeam "Belgium"]
[BlackTeam "Zimbabwe"]
[WhiteTeamCountry "BEL"]
[BlackTeamCountry "ZIM"]
[TimeControl "40/5400+30:1800+30"]

1. d4 {(00:00} Nf6 {(01:15} 2. Nf3 {(00:00} d5 {
(00:21} 3. c4 {(00:58} e6 {(01:10} 4. g3 {(04:
05} Be7 {(01:33} 5. Bg2 {(00:08} O-O {(00:17} 6. Qc2 {
(02:25} dxc4 {(08:49} 7. Qxc4 {(00:24} c5 {(04:
34} 8. dxc5 {(02:11} Qd5 {(04:30} 9. Qh4 {(12:30} Qxc5
{(02:41} 10. O-O {(01:09} Nc6 {(00:33} 11. Na3 {
(08:34} Qf5 {(14:51} 12. Qf4 {(06:18} e5 {(08:
25} 13. Qxf5 {(09:36} Bxf5 {(00:04} 14. Nb5 {(00:49}
Rfd8 {(02:47} 15. Nc3 {(02:59} h6 {(04:20} 16. h3 {
(02:14} Bb4 {(00:56} 17. g4 {(01:14} Be6 {(01:
47} 18. g5 {(00:50} hxg5 {(03:26} 19. Bxg5 {(00:12}
Bc4 {(04:33} 20. Rfc1 {(05:49} Bxc3 {(05:50} 21. Rxc3 {
(00:15} Bxe2 {(00:06} 22. Nxe5 {(05:37} Nxe5 {(
00:08} 23. Re3 {(00:13} Rd2 {(00:24} 24. Rxe5 {(00:21}
Rxb2 25. Re7 {(06:14} Bc4 {(01:19} 26. Bxf6 {(02:48}
gxf6 {(00:07} 27. Rxb7 {(00:23} Rxb7 {(00:37} 28. Bxb7
Rb8 29. Bc6 {(05:51} Rb6 {(00:41} 30. Bg2 {(00:46} a5 {
(00:24} 31. a3 Rb3 {(00:30} 32. h4 {(04:27} Kg7 {
(00:41} 33. Kh2 {(00:17} Be6 {(00:20} 34. f3 {(
01:00} Kh6 {(01:09} 35. Kg3 {(00:32} Rc3 {(01:07} 36.
Bf1 {(01:08} Bd5 {(00:20} 37. Be2 {(00:49} Bc6 {
(00:49} 38. a4 {(04:07} Re3 {(01:09} 39. Kf2 {(
01:26} Rb3 {(00:49} 40. Bd1 {(00:00} Rb4 {(00:00} 41.
Kg3 {(01:36} f5 {(01:23} 42. Rc1 {(07:48} f4+ {(
00:12} 43. Kg2 {(00:14} Bxa4 {(03:31} 44. Bxa4 {(00:27]
} Rxa4 {(00:16} 45. Rc5 {(00:37} Kg6 {(01:19} 46. h5+ {
(01:19} Kh6 {(01:03} 47. Kh3 {(00:27} Ra1 {(04:
08} 48. Kg4 {(00:37} a4 {(00:09} 49. Rc6+ {(00:22} Kg7
{(00:17} 50. Ra6 {(00:17} a3 {(00:15} 51. Kxf4 {
(00:13} a2 {(00:45} 52. Kf5 {(00:27} Rh1 {(00:
43} 53. Rxa2 {(00:08} Rxh5+ {(00:08} 54. Kg4 {(00:05}
1/2-1/2

[Event "42nd Olympiad Baku 2016 Open"]
[Site "Baku"]
[Date "2016.09.08"]
[Round "6.33"]
[White "Wynn Zaw Htun"]
[Black "Kawuma, Patrick"]
[Result "1-0"]
[ECO "A05"]
[WhiteElo "2407"]
[BlackElo "2261"]
[Annotator ""]
[PlyCount "66"]
[EventDate "2016.??.??"]
[EventCountry "AZE"]
[SourceTitle "playchess.com"]
[Source "ChessBase"]
[WhiteTeam "Myanmar"]
[BlackTeam "Uganda"]
[WhiteTeamCountry "MYA"]
[BlackTeamCountry "UGA"]
[TimeControl "40/5400+30:1800+30"]

1. Nf3 {(00:00} Nf6 {(00:20} 2. g3 {(00:00} b6 {
(03:49} 3. Bg2 {(00:15} Bb7 {(00:01} 4. d3 {(00:
25} d5 {(03:18} 5. O-O {(01:52} g6 {(01:26} 6. c4 {
(04:36} Bg7 {(04:08} 7. Nc3 {(05:49} O-O {(02:
43} 8. Ne5 {(06:25} Nbd7 {(10:39} 9. d4 {(02:52} e6 {
(12:07} 10. Qc2 {(19:28} c5 {(03:27} 11. cxd5 {(
08:57} Nxe5 {(18:47} 12. dxe5 {(00:06} Nxd5 {(00:12}
13. f4 {(07:48} Nb4 {(06:40} 14. Qb3 {(01:33} Bxg2 {
(00:24} 15. Kxg2 {(00:03} Qe7 {(01:56} 16. a3 {(
01:22} Nc6 {(00:22} 17. Be3 {(01:50} Rfd8 {(00:54} 18.
Ne4 {(04:03} Rac8 {(06:39} 19. Nd6 {(03:23} Rc7 {
(02:23} 20. Rfd1 {(03:04} f6 {(02:34} 21. exf6 {
(00:56} Bxf6 {(00:47} 22. Ne4 {(00:57} Rcd7 {(
00:34} 23. Rxd7 {(02:09} Rxd7 {(00:10} 24. Qb5 {(02:13]
} Rc7 {(02:35} 25. Rd1 {(03:30} Bd4 {(02:44} 26. Bc1 {
(05:35} e5 {(03:21} 27. Qc4+ {(02:51} Kh8 {(01:
12} 28. Qd5 {(06:16} exf4 {(06:47} 29. Bxf4 {(00:03}
Be5 {(00:01} 30. Rf1 {(01:59} Bxf4 {(01:17} 31. Rxf4 {
(00:03} Ne5 {(02:32} 32. Qa8+ {(00:35} Kg7 {(00:
21} 33. Nf6 {(00:20} Kh6 {(00:48} 1-0

[Event "42nd Olympiad Baku 2016 Open"]
[Site "Baku"]
[Date "2016.09.08"]
[Round "6.30"]
[White "Zerafa, Robert"]
[Black "Khan, Taffin"]
[Result "0-1"]
[ECO "C42"]
[WhiteElo "2068"]
[BlackElo "1877"]
[Annotator ""]
[PlyCount "120"]
[EventDate "2016.??.??"]
[EventCountry "AZE"]
[SourceTitle "playchess.com"]
[Source "ChessBase"]
[WhiteTeam "Malta"]
[BlackTeam "Guyana"]
[WhiteTeamCountry "MLT"]
[BlackTeamCountry "GUY"]
[TimeControl "40/5400+30:1800+30"]

1. e4 {(00:00} e5 {(00:00} 2. Nf3 {(00:00} Nf6 {
(00:00} 3. Nxe5 {(00:37} d6 {(00:00} 4. Nf3 {(
00:06} Nxe4 {(00:09} 5. Nc3 {(02:36} Nxc3 {(00:46} 6.
dxc3 {(00:02} Be7 {(00:07} 7. Bf4 {(00:30} O-O {
(00:34} 8. Qd2 {(00:01} Nd7 {(00:10} 9. Bc4 {(
04:53} Nb6 {(02:39} 10. Bd3 {(03:19} Bf6 {(01:15} 11.
O-O {(08:15} Na4 {(03:29} 12. Rfb1 {(13:39} Nc5 {
(00:21} 13. Bc4 {(03:00} Be6 {(01:53} 14. Bxe6 {
(00:51} fxe6 {(03:43} 15. Re1 {(01:26} Qd7 {(00:
40} 16. b3 {(02:55} e5 {(01:27} 17. Be3 {(01:28} Qc6 {
(01:33} 18. Bxc5 {(02:42} Qxc5 {(00:07} 19. Rad1 {
(00:10} Rae8 {(00:48} 20. c4 {(02:26} Re7 {(21:
04} 21. Qd3 {(18:02} Rfe8 {(15:51} 22. Nd2 {(01:34}
Qd4 {(03:19} 23. Ne4 {(02:28} Qxd3 {(04:23} 24. Rxd3 {
(00:21} b6 {(00:28} 25. Kf1 {(01:51} Rf8 {(00:
53} 26. Ke2 {(03:03} Re6 {(01:10} 27. Red1 {(01:03}
Be7 {(00:48} 28. c3 {(11:04} Rh6 {(03:12} 29. h3 {
(01:42} Rh4 {(04:19} 30. f3 {(00:55} a5 {(02:47]
} 31. Rd5 {(01:05} Rhf4 {(02:42} 32. R1d2 {(02:35} g6 {
(05:49} 33. Kd1 {(00:23} h5 {(01:09} 34. Kc2 {(
01:15} Kg7 {(00:59} 35. b4 {(01:18} axb4 {(01:36} 36.
cxb4 {(00:05} g5 37. Re2 {(06:08} g4 {(06:01} 38. hxg4
{(00:03} hxg4 {(00:11} 39. Nd2 {(00:42} Rh8 {(
04:09} 40. Rd3 {(00:00} Rh2 {(00:00} 41. Kd1 {(08:47}
Rh1+ {(05:04} 42. Kc2 {(01:47} Rh2 {(00:27} 43. Rde3 {
(08:52} gxf3 {(13:55} 44. gxf3 {(01:31} Rxe2 {(
02:52} 45. Rxe2 {(00:10} Kf7 {(01:26} 46. Re4 {(05:21}
Rf6 {(02:44} 47. b5 {(02:33} Ke6 {(00:20} 48. Kd3 {
(00:54} Rf8 {(00:51} 49. Re2 {(01:36} Bg5 {(00:
44} 50. Rf2 {(00:34} Bxd2 {(03:14} 51. Kxd2 {(00:26}
Rf4 {(00:24} 52. Kc3 {(00:39} d5 {(00:19} 53. cxd5+ {
(00:49} Kxd5 {(00:12} 54. Kb3 {(00:37} Rf7 {(02:
06} 55. a4 {(01:23} Kd4 {(00:15} 56. Rh2 {(03:38}
Rxf3+ {(00:25} 57. Kb4 {(00:01} Rf7 {(00:34} 58. Rh8 {
(02:30} Rd7 {(00:44} 59. a5 {(02:13} bxa5+ {(00:
12} 60. Kxa5 {(00:02} e4 {(00:08} 0-1

[Event "42nd Olympiad Baku 2016 Open"]
[Site "Baku"]
[Date "2016.09.08"]
[Round "6.26"]
[White "Zhao, Zong-Yuan"]
[Black "Leitao, Rafael"]
[Result "0-1"]
[ECO "E21"]
[WhiteElo "2550"]
[BlackElo "2616"]
[Annotator ""]
[PlyCount "64"]
[EventDate "2016.??.??"]
[EventCountry "AZE"]
[SourceTitle "playchess.com"]
[Source "ChessBase"]
[WhiteTeam "Australia"]
[BlackTeam "Brazil"]
[WhiteTeamCountry "AUS"]
[BlackTeamCountry "BRA"]
[TimeControl "40/5400+30:1800+30"]

1. d4 {(00:00} Nf6 {(00:00} 2. c4 {(00:00} e6 {(
00:00} 3. Nc3 {(00:00} Bb4 {(00:00} 4. Nf3 {(00:16}
O-O {(03:20} 5. Bg5 {(01:00} h6 {(06:09} 6. Bh4 {
(00:42} c5 {(03:41} 7. Rc1 {(04:13} cxd4 {(13:
23} 8. Nxd4 {(00:21} b6 {(01:58} 9. Ndb5 {(19:06} Nc6
{(10:39} 10. e3 {(04:34} Bb7 {(14:54} 11. Nd6 {(
17:35} Bxd6 {(00:15} 12. Qxd6 {(00:05} g5 {(02:53} 13.
Bg3 {(01:01} Ne7 {(00:11} 14. f3 {(17:33} Nf5 {(
00:46} 15. Qd2 {(03:10} Nxg3 {(02:36} 16. hxg3 {(00:14]
} Kg7 {(00:31} 17. Kf2 {(04:52} d5 {(18:09} 18. cxd5 {
(01:28} Bxd5 {(00:18} 19. e4 {(07:21} Bb7 {(00:
25} 20. Qxd8 {(00:13} Rfxd8 {(00:12} 21. Ke3 {(00:08}
Rac8 {(02:05} 22. Be2 {(00:19} Ne8 {(00:59} 23. Nb5 {
(01:23} a6 {(01:20} 24. Nd4 {(00:34} Nd6 {(01:
24} 25. Bd3 {(04:08} Rxc1 {(03:15} 26. Rxc1 {(00:03}
Rc8 {(00:18} 27. Rxc8 {(07:02} Nxc8 {(00:19} 28. b4 {
(00:34} Kf8 {(02:59} 29. Ne2 {(04:10} Ke7 {(01:
05} 30. Kd4 {(00:35} Na7 {(00:34} 31. Kc3 {(01:16} Nc6
{(02:09} 32. b5 {(01:10} axb5 {(00:16} 0-1

[Event "42nd Olympiad Baku 2016 Women"]
[Site "Baku"]
[Date "2016.09.08"]
[Round "6.9"]
[White "Abdumalik, Zhansaya"]
[Black "Hoang, Thanh Trang"]
[Result "1/2-1/2"]
[ECO "C11"]
[WhiteElo "2389"]
[BlackElo "2467"]
[Annotator ""]
[PlyCount "67"]
[EventDate "2016.??.??"]
[EventType "team-tourn"]
[EventCountry "AZE"]
[SourceTitle "playchess.com"]
[Source "ChessBase"]
[WhiteTeam "Kazakhstan"]
[BlackTeam "Hungary"]
[WhiteTeamCountry "KAZ"]
[BlackTeamCountry "HUN"]
[TimeControl "40/5400+30:1800+30"]

1. e4 {(00:00} e6 {(00:00} 2. d4 {(01:17} d5 {(
00:07} 3. Nc3 {(02:08} Nf6 {(01:02} 4. e5 {(02:09}
Nfd7 {(00:10} 5. f4 {(01:41} c5 {(00:28} 6. Nf3 {
(00:41} Nc6 {(00:10} 7. Be3 {(01:23} a6 {(01:44]
} 8. Qd2 {(05:19} b5 {(00:48} 9. Nd1 {(01:54} Qb6 {
(05:19} 10. Be2 {(03:04} b4 {(04:08} 11. c4 {(
08:24} bxc3 {(05:57} 12. bxc3 {(00:31} cxd4 {(02:24}
13. Nxd4 {(01:24} Nxd4 {(05:40} 14. Bxd4 {(02:14} Qa5 {
(01:48} 15. O-O {(02:37} Nc5 {(01:35} 16. Ne3 {(
05:04} Be7 {(03:06} 17. f5 {(07:48} exf5 {(03:20} 18.
Nxf5 {(02:54} Bxf5 {(00:36} 19. Rxf5 {(00:12} Nb3 {
(04:41} 20. axb3 {(04:56} Qxa1+ {(00:23} 21. Rf1 {
(01:12} Qa5 {(02:20} 22. b4 {(03:08} Qa4 {(08:
30} 23. e6 {(05:26} O-O {(05:08} 24. exf7+ {(02:34}
Rxf7 {(02:18} 25. Rxf7 {(01:13} Kxf7 {(00:10} 26. Qf4+
{(00:05} Bf6 {(02:06} 27. Bxf6 {(09:26} gxf6 {(
00:50} 28. Qc7+ {(00:29} Kg8 {(02:13} 29. Qd6 {(00:31}
Qa1+ {(04:32} 30. Kf2 {(00:43} Qa2 {(02:22} 31. Qe6+ {
(03:17} Kg7 {(00:12} 32. Qe7+ {(00:02} Kg8 {(01:
00} 33. Qe6+ {(01:33} Kg7 {(00:21} 34. Qe7+ {(00:57}
1/2-1/2